 Dungeon Crawl Stone Soup version 0.27-a0-457-gba82baf56e (webtiles) character file.

Game seed: 9653841394321203830

8 Chiseanne the Skirmisher (level 2, 22/24 HPs)
             Began as a Demonspawn Wanderer on Feb 28, 2021.
             Quit the game on level 1 of the Dungeon.
             The game lasted 00:00:37 (252 turns).

Chiseanne the Skirmisher (Demonspawn Wanderer)       Turns: 252, Time: 00:00:37

Health: 22/24      AC:  5    Str: 16    XL:     2   Next: 0%
Magic:  2/2        EV: 11    Int: 10    God:
Gold:   26         SH:  0    Dex: 11    Spells: 1/1 levels left

rFire    . . .     SeeInvis .   g - +0 short sword
rCold    . . .     Faith    .   (no shield)
rNeg     . . .     Spirit   .   c - +2 leather armour
rPois    .         Reflect  .   (helmet restricted)
rElec    .         Harm     .   (no cloak)
rCorr    .         Rampage  .   (no gloves)
Will     .....                  (no boots)
Stlth    +.........             (no amulet)
HPRegen  0.08/turn              (no ring)
MPRegen  0.08/turn              (no ring)

@: no status effects
A: antennae 1
a: no special abilities


You were on level 1 of the Dungeon.
You visited 1 branch of the dungeon, and saw 1 of its levels.

You collected 26 gold pieces.

Inventory:

Hand Weapons
 a - a +0 club
 g - a +0 short sword (weapon)
 h - a +0 dagger of protection
Missiles
 e - 20 arrows
 f - 30 stones (quivered)
Armour
 c - a +2 leather armour (worn)
Potions
 b - 2 potions of curing
 d - a potion of ambrosia


   Skills:
 * Level 3.3 Fighting
 - Level 1.7 Short Blades
 - Level 1.0 Staves
 - Level 1.0 Throwing
 * Level 1.4 Dodging
 - Level 1.0 Stealth
 - Level 1.0 Evocations


You had one spell level left.
You didn't know any spells.
Your spell library was empty.

Dungeon Overview and Level Annotations

Branches:
Dungeon (1/15)

Altars:


Innate Abilities, Weirdness & Mutations

You have a pair of small antennae on your head.


Message History

You hit the leopard gecko but do no damage.
The leopard gecko bites you.
You hit the leopard gecko.
You kill the leopard gecko!
The bat closely misses you. x2
You hit the bat.
You kill the bat!
No target in view!
No target in view!
No target in view!
No target in view!
No target in view!
No target in view!
No target in view!
No target in view!
No target in view!
No target in view!
No target in view!
No target in view!
No target in view!
No target in view!
No target in view!
No target in view!
No target in view!
No target in view!
Items here: )) ††.
h - a +0 dagger of protection You aren't carrying any scrolls.
Unknown command.
You now have 26 gold pieces (gained 14).
A bat comes into view.
The bat barely misses you. The bat hits you.
The bat hits you but does no damage.
You hit the bat.
You kill the bat!
You have reached level 2!
Your demonic ancestry asserts itself...
A pair of antennae grows on your head!
Are you sure you want to abandon this character and quit the game? (Confirm with "yes".)

#.##...#..####
#.###.##.)...### ###.#
#.##.......## #...#
#)##........##
#.#.#.###..#.........#
#....................#
###.#.####............
#.# #............ #@#
#.#.......... #....#
#...........# #..#.#
##.........)# .... .#
.........## #.... ..
#........## #..### ###
....## #.. ## #.


There were no monsters in sight!

Vanquished Creatures
  A leopard gecko (D:1)
  2 bats (D:1)
  A goblin (D:1)
  A hobgoblin (D:1)
  A kobold (D:1)
6 creatures vanquished.

Notes
Turn   | Place    | Note
-------+----------+-------------------------------------------
     0 | D:1      | Chiseanne the Demonspawn Wanderer began the quest for the
                  | Orb.
     0 | D:1      | Chiseanne set off with the following items: a +0 club, 2
                  | potions of curing, a +2 leather armour
     0 | D:1      | Reached XP level 1. HP: 18/18 MP: 1/1
   252 | D:1      | Gained mutation: You have a pair of small antennae on your
                  | head. [demonic ancestry]
   252 | D:1      | Reached XP level 2. HP: 22/24 MP: 2/2
   252 | D:1      | Quit the game

Illustrated notes

Levels and vault maps discovered:
D:1:      dpeg_cavernosity, layout_loops_ring, hangedman_feature_mirror,
          st_stairs_3

Action                   || total
-------------------------++-------
Melee: Short sword       ||    19
       Club              ||     2
  Use: Scroll            ||     1
Armor: Leather armour    ||    15
Dodge: Dodged            ||    14

Table legend: (Time is in decaauts)
 A = Elapsed time spent in this place.
 B = Non-inter-level travel time spent in this place.
 C = Inter-level travel time spent in this place.
 D = Time resting spent in this place.
 E = Time spent auto-exploring this place.
 F = Levels seen in this place.
 G = Mean time per level.
                   A        B        C        D        E       F      G
               +--------+--------+--------+--------+--------+-----+--------+
         Total |    252 |    252 |      0 |      0 |    205 |   1 |  252.0 |
       Dungeon |    252 |    252 |      0 |      0 |    205 |   1 |  252.0 |
               +--------+--------+--------+--------+--------+-----+--------+

Top non-repeatable levels by time:
     D:1: 252 daAuts
